 Dungeon Crawl Stone Soup version 0.30-a0-718-geaa24f58ff (webtiles) character file.

Game seed: 4590495383998026518

2094 drugrobin the Grappler (level 8, -3/62 HPs)
             Began as a Demigod Delver on Jan 25, 2023.
             Slain by an orc warlord
             ... wielding a +4 battleaxe
              (20 damage)
             ... in a bailey.
             The game lasted 00:27:55 (6729 turns).

drugrobin the Grappler (Demigod Delver)             Turns: 6729, Time: 00:27:55

Health: -3/62      AC: 14    Str: 26    XL:     8   Next: 79%
Magic:  10/10      EV: 10    Int:  9    God:
Gold:   460        SH:  0    Dex: 15    Spells: 6/7 levels left

rFire   . . .      SeeInvis .      - Unarmed
rCold   . . .      Faith    .    (no shield)
rNeg    . . .      Spirit   .    K - +3 scale mail of Kieserarph {Str+5 Int-3}
rPois   .          Reflect  .    D - +0 helmet
rElec   .          Harm     .    (no cloak)
rCorr   .          Rampage  .    (no gloves)
Will    .....                    (no boots)
Stlth   +                        (no amulet)
HPRegen 0.30/turn                g - +4 ring of protection
MPRegen 0.12/turn                v - ring of wizardry

@: mighty, hasted, very quick
A: high MP 1, forlorn, divine attributes
a: no special abilities


You were in a bailey.
You visited 1 branch of the dungeon, and saw 7 of its levels.
You also visited: Bailey.

You collected 460 gold pieces.

Inventory:

Hand Weapons
 b - a +0 shortbow
 c - a +1 short sword of venom
 J - a +0 sling
Missiles
 o - 2 atropa-tipped darts
 I - 23 boomerangs (quivered)
Armour
 a - a +0 leather armour
 k - a scarf of harm
 D - a +0 helmet (worn)
 K - the +3 scale mail of Kieserarph (worn) {Str+5 Int-3}
   (You found it on level 6 of the Dungeon)

   Str:       It affects your strength (+5).
   Int:       It affects your intelligence (-3).
 O - a +0 ring mail
Jewellery
 g - a +4 ring of protection (left hand)
 m - a ring of poison resistance
 s - a ring of magical power
 v - a ring of wizardry (right hand)
Wands
 f - a wand of digging (1)
 G - a wand of flame (19)
Scrolls
 d - a scroll of fear
 h - 4 scrolls of identify {unknown}
 i - 6 scrolls of teleportation
 n - 4 scrolls of vulnerability {unknown}
 p - 4 scrolls of enchant weapon {unknown}
 u - a scroll of amnesia {unknown}
 w - 2 scrolls of immolation {unknown}
 x - 2 scrolls of fog
 y - a scroll of blinking {unknown}
 z - a scroll of torment {unknown}
 B - a scroll of magic mapping
 C - a scroll of enchant armour {unknown}
 F - a scroll of summoning {unknown}
 L - a scroll of noise {unknown}
Potions
 e - a potion of haste
 j - a potion of might
 l - a potion of cancellation {unknown}
 q - a potion of degeneration {unknown}
 r - a potion of invisibility {unknown}
 t - a potion of magic
 A - a potion of heal wounds {unknown}
 E - a potion of brilliance {unknown}
 H - a potion of curing {unknown}
 M - a potion of berserk rage {unknown}
 N - a potion of resistance {unknown}
Miscellaneous
 P - a box of beasts (inert)


   Skills:
 - Level 2.6 Fighting
 - Level 1.7 Dodging
 - Level 4.5 Stealth
 * Level 10.3 Unarmed Combat
 - Level 4.0 Evocations


You had 6 spell levels left.
You knew the following spells:

 Your Spells              Type           Power      Damage    Failure   Level
a - Summon Small Mammal   Summ           0%         N/A       36%         1

Your spell library contained the following spells:

 Spells                   Type           Power      Damage    Failure   Level
 Cigotuvi's Dreadful Rot  Necr/Pois/Air  0%         N/A       50%         2
 Poisonous Vapours        Pois/Air       0%         N/A       50%         2
 Call Canine Familiar     Summ           0%         N/A       71%         3
 Mephitic Cloud           Conj/Pois/Air  0%         N/A       71%         3
 Summon Guardian Golem    Hex/Summ       0%         N/A       71%         3
 Fireball                 Conj/Fire      0%         3d3       100%        5
 Iskenderun's Battlesphe  Conj           0%         2d6       100%        5
 Conjure Ball Lightning   Conj/Air       0%         3x3d6     100%        6
 Orb of Destruction       Conj           0%         9d5       100%        7


Dungeon Overview and Level Annotations

Branches:
Dungeon (7/15)             Temple (0/1) D:6          Bailey (1/1)

Shops:
D:4 :   D:7 (

Annotations:
D:4 3 runed translucent doors, NinjaNoafa's ghost, amateur DjCj
D:5 1 exclusion


Innate Abilities, Weirdness & Mutations

You have an increased reservoir of magic. (+10% MP)
You shall have no god before yourself.
Your divine heritage dramatically boosts your attributes as you level up.


Message History

Unknown command.
Unknown command.
Unknown command.
You closely miss the orc warlord.
The orc warlord is severely wounded.
Your juvenile batweird beast barely misses the orc warlord.
Your juvenile batweird beast grabs the orc warlord.
Your juvenile batweird beast constricts the orc warlord.
The orc warlord hits your juvenile batweird beast with a +4 battleaxe!!
Your juvenile batweird beast dies!
Your juvenile batweird beast's corpse disappears in a puff of smoke!
The orc warlord hits you but does no damage.
The orc warlord shouts!
Unknown command.
Unknown command.
You punch the orc warlord!
The orc warlord is almost dead.
Unknown command.
Unknown command.
You barely miss the orc warlord.
The orc warlord is almost dead.
The orc warlord hits you with a +4 battleaxe.
* * * LOW HITPOINT WARNING * * *
Unknown command.
Unknown command.
Attack: -) Nothing wielded
Press: ? - help, Dir - move target, f/p - orc warlord
Aim: an orc warlord, wielding a +4 battleaxe and wearing a +0 chain mail (almost dead, poisoned, about 28% to evade your hands)
Okay, then.
Unknown command.
Unknown command.
You barely miss the orc warlord.
The orc warlord is almost dead.
Unknown command.
Unknown command.
You closely miss the orc warlord.
You punch the orc warlord, but do no damage.
The orc warlord is almost dead.
The orc warlord hits you with a +4 battleaxe!!
You die...

♣≈≈##......##~~~#~~~####......#
♣...##.....#~[.....~#~~#.....##
♣....##....#~!........~#....##
♣♣.....#....##8.8...8.8~##...#
♣......'.....#.........~K'...#
♣∩.∩)..'.....#....∩....~~'...#
♣......)÷....#.........~~'...#
♣♣....÷#....##8.8...8.8~##...#
♣.).)##..).#~!@o......~#....##
♣...##.....#~..(...~#~~#.....##
♣≈≈##......##~~~#~~~####......#
♣≈≈#........#########......8...
♣≈≈#..8..8....'..o..'..........
♣≈≈#..........#~~K~~#..........
♣≈≈##.........#~~~~~#...8..8..#
♣≈≈≈##...8...##~~~~~##.......##
♣♣≈≈ ##.....##.......##....?##


You could see an orc warlord (poisoned).

Vanquished Creatures
  Sigmund (D:6)
  A wyvern (D:7)
  A swamp worm (D:7)
  Edmund (D:6)
  5 orc warriors (Bailey)
  A sky beast (D:5)
  2 ice beasts (D:6)
  3 ogres
  A centaur (D:6)
  A bullfrog (D:7)
  3 hounds
  2 iguanas
  Terence (D:3)
  An orc wizard (D:5)
  2 gnolls (Bailey)
  10 adders
  2 white imps (D:6)
  2 ufetubi
  2 worms
  2 dart slugs
  7 orcs
  6 endoplasms
  2 giant cockroaches
  20 goblins
  10 hobgoblins
  2 jackals (D:3)
  3 quokkas
  14 ball pythons
  7 bats
  2 frilled lizards (D:2)
  18 kobolds
  8 rats
143 creatures vanquished.

Vanquished Creatures (others)
  2 plants (D:7)
2 creatures vanquished.

Grand Total: 145 creatures vanquished

Notes
Turn   | Place    | Note
-------+----------+-------------------------------------------
     0 | D:5      | drugrobin the Demigod Delver began the quest for the Orb.
     0 | D:5      | Reached XP level 1. HP: 18/18 MP: 3/3
    19 | D:5      | Noticed an ogre
    67 | D:5      | Noticed an iguana
   171 | D:3      | Reached skill level 2 in Unarmed Combat
   217 | D:2      | Upgraded the game from 0.30-a0-715-gdb4ae3ece1 to
                  | 0.30-a0-718-geaa24f58ff
   336 | D:2      | Reached XP level 2. HP: 22/25 MP: 4/4
   604 | D:1      | Reached skill level 3 in Unarmed Combat
  1128 | D:2      | Reached XP level 3. HP: 30/30 MP: 5/5
  1806 | D:3      | Noticed Terence
  1920 | D:3      | Reached skill level 4 in Unarmed Combat
  1966 | D:3      | Reached XP level 4. HP: 37/37 MP: 6/6
  2439 | D:3      | Killed Terence
  2816 | D:4      | Reached skill level 5 in Unarmed Combat
  2903 | D:4      | Reached XP level 5. HP: 37/42 MP: 7/7
  2935 | D:4      | Found Fuqoys Cur's Book Boutique.
  2987 | D:4      | Noticed an ogre
  3355 | D:4      | Found a runed translucent gate.
  3355 | D:4      | Found a runed translucent gate.
  3355 | D:4      | Found a runed translucent gate.
  3363 | D:4      | Noticed NinjaNoafa's ghost (amateur DjCj)
  3851 | D:5      | Learned a level 1 spell: Summon Small Mammal
  3901 | D:5      | Reached skill level 6 in Unarmed Combat
  4188 | D:6      | Noticed Sigmund
  4250 | D:6      | Noticed a centaur
  4304 | D:6      | Noticed a sky beast
  4311 | D:6      | Killed a centaur
  4312 | D:6      | Reached skill level 1 in Evocations
  4312 | D:6      | Reached XP level 6. HP: 40/50 MP: 8/8
  4486 | D:6      | Found a staircase to the Ecumenical Temple.
  4487 | D:6      | Identified the +3 scale mail of Kieserarph {Str+5 Int-3}
  4896 | D:6      | Noticed Edmund
  4933 | D:6      | Killed Edmund
  4934 | D:6      | Reached skill level 7 in Unarmed Combat
  4934 | D:6      | Reached XP level 7. HP: 31/56 MP: 9/9
  5319 | D:6      | Killed Sigmund
  5320 | D:6      | Reached skill level 8 in Unarmed Combat
  5553 | D:4      | Reached XP level 8. HP: 39/62 MP: 10/10
  5804 | D:7      | Found Foesostri's Weapon Shop.
  6146 | D:7      | Found a flagged portal.
  6164 | D:7      | Reached skill level 9 in Unarmed Combat
  6193 | Bailey   | Entered a bailey
  6343 | Bailey   | Noticed an orc warlord
  6492 | Bailey   | Reached skill level 10 in Unarmed Combat
  6645 | Bailey   | Found a runed translucent gate.
  6645 | Bailey   | Found a runed translucent gate.
  6645 | Bailey   | Found a runed translucent gate.
  6729 | Bailey   | Slain by an orc warlord

Illustrated notes

Levels and vault maps discovered:
D:1:      mrwooster_arrival_statue_2, layout_basic, basic_ecumenical_altar
D:2:      layout_basic, basic_altar, st_stairs_10
D:3:      layout_rooms, vehumet_crystals, nicolae_ru_awakened_eye, uniq_terence
D:4:      kennysheep_spiral_hall, layout_basic,
          mainiacjoe_overflow_six_doors_small, gammafunk_ghost_necromancy,
          serial_shops, nicolae_shop_trees
D:5:      layout_cave_pools
D:6:      layout_rooms, mainiacjoe_overflow_concentric_impassable,
          okawaru_altar_gauntlet_db, minmay_temple_entry_slanted,
          hangedman_decor_clover_reticule, uniq_edmund, uniq_sigmund
D:7:      cheibrodos_barr_body, layout_basic, lemuel_coloured_pillars_altar,
          serial_shops, nicolae_shop_bloodbath_and_beyond, enter_bailey_5,
          worms_lemuel
Bailey:   bailey_axe_bossmonster_kennysheep, bailey

Skill      XL: |  1  2  3  4  5  6  7  8 |
---------------+-------------------------+-----
Unarmed Combat | 2 3 4 5 6 7 8 10 | 10.3
Evocations     | 1 2 3 4 |  4.0
Fighting       | |  2.6
Dodging        | |  1.7
Stealth        | |  4.5

Action                     |  1- 3 |  4- 6 |  7- 9 || total
---------------------------+-------+-------+-------++-------
  Melee: Unarmed           |   171 |   138 |    87 ||   396
         Punch             |     2 |     3 |    10 ||    15
         Short sword       |       |    14 |   148 ||   162
   Fire: Sling             |    12 |    46 |       ||    58
         Shortbow          |       |    12 |     7 ||    19
  Throw: Dart              |       |     3 |     3 ||     6
         Boomerang         |       |     1 |    14 ||    15
   Cast: Summon Small Mamm |       |     2 |       ||     2
  Evoke: Wand              |     1 |     4 |     3 ||     8
         Box of beasts     |       |       |     1 ||     1
    Use: Scroll            |     1 |       |     2 ||     3
         Potion            |       |     3 |     3 ||     6
   Stab: Sleeping          |     5 |     3 |     2 ||    10
         Distracted        |     1 |       |       ||     1
 Armour: Leather armour    |    65 |    33 |       ||    98
         Ring mail         |     6 |    50 |       ||    56
         Scale mail        |       |     5 |   106 ||   111
  Dodge: Dodged            |    95 |    95 |   117 ||   307

Table legend: (Time is in decaauts)
 A = Elapsed time spent in this place.
 B = Non-inter-level travel time spent in this place.
 C = Inter-level travel time spent in this place.
 D = Time resting spent in this place.
 E = Time spent auto-exploring this place.
 F = Levels seen in this place.
 G = Mean time per level.
                   A        B        C        D        E       F      G
               +--------+--------+--------+--------+--------+-----+--------+
         Total |   6720 |   6126 |    594 |    658 |   3034 |   8 |  840.0 |
       Dungeon |   6199 |   5605 |    594 |    554 |   2957 |   7 |  885.6 |
        Bailey |    521 |    521 |      0 |    104 |     77 |   1 |  521.0 |
               +--------+--------+--------+--------+--------+-----+--------+

Top non-repeatable levels by time:
     D:4: 1174 daAuts
     D:2: 1060 daAuts
     D:5: 1051 daAuts
     D:6: 971 daAuts
     D:3: 900 daAuts
     D:1: 620 daAuts
  Bailey: 521 daAuts
     D:7: 420 daAuts
